 Dungeon Crawl Stone Soup version 0.30-a0-721-ga6a225cb13 (webtiles) character file.

Game seed: 4992786812174461810

3265 kae the Arsonist (level 10, -18/69 HPs)
             Began as a Hill Orc Fire Elementalist on Jan 27, 2023.
             Was a Believer of Vehumet.
             Demolished by Joseph
             ... wielding a +1 spectral quarterstaff
              (20 damage)
             ... on level 8 of the Dungeon.
             The game lasted 00:08:29 (7922 turns).

kae the Arsonist (Hill Orc Fire Elementalist)       Turns: 7922, Time: 00:08:30

Health: -18/69     AC:  5    Str: 16    XL:     10   Next: 0%
Magic:  13/17      EV: 11    Int: 19    God:    Vehumet [**....]
Gold:   448        SH:  0    Dex: 11    Spells: 5/18 levels left

rFire   + + .      SeeInvis .    z - +6 hand axe "Gownysal" {holy, rF+}
rCold   . . .      Faith    .    (no shield)
rNeg    . . .      Spirit   .    v - +0 leather armour of Cuxe Rikh {Will+ Str+4}
rPois   .          Reflect  .    y - +0 helmet
rElec   .          Harm     .    i - +0 cloak
rCorr   .          Rampage  .    (no gloves)
Will    ++...                    (no boots)
Stlth   +                        q - amulet of magic regeneration
HPRegen 0.31/turn                F - ring of protection from fire
MPRegen 0.55/turn                m - ring of willpower

@: invisible
A: no striking features
a: Renounce Religion


You were on level 8 of the Dungeon.
You worshipped Vehumet.
Vehumet was pleased with you.
You visited 2 branches of the dungeon, and saw 9 of its levels.

You collected 448 gold pieces.


   Skills:
 - Level 1.5 Dodging
 - Level 1.5 Stealth
 + Level 4.8 Spellcasting
 * Level 8.7 Conjurations
 * Level 10.1 Fire Magic


You had 5 spell levels left.
You knew the following spells:

 Your Spells              Type           Power      Damage    Failure   Level
a - Foxfire               Conj/Fire      100%       2x1d9     1%          1
b - Scorch                Fire           86%        2d9       1%          2
c - Inner Flame           Hex/Fire       23%        N/A       6%          3
d - Flame Wave            Conj/Fire      40%        2d11      3%          4
e - Kindle Blastsparks    Fire/Tloc/Air  34%        2d12      12%         3

Your spell library contained the following spells:

 Spells                   Type           Power      Damage    Failure   Level
 Kiss of Death            Conj/Necr      84%        2d11      2%          1
 Apportation              Tloc           8%         N/A       16%         1
 Sting                    Tmut/Pois      16%        1d3       16%         1
 Poisonous Vapours        Pois/Air       8%         N/A       24%         2
 Ozocubu's Armour         Ice            4%         N/A       43%         3
 Olgreb's Toxic Radiance  Pois           4%         N/A       83%         4
 Alistair's Intoxication  Tmut/Pois      2%         N/A       99%         5
 Ozocubu's Refrigeration  Ice            2%         4d7       100%        7

Inventory:

Hand Weapons
 g - a +0 short sword
   (You took it off a kobold on level 1 of the Dungeon)
 n - a +1 dagger of venom
   (You took it off a goblin on level 3 of the Dungeon)
 z - the +6 hand axe "Gownysal" (weapon) {holy, rF+}
   (You found it on level 7 of the Dungeon)

   rF:        It protects you from fire.
Missiles
 d - 10 poisoned darts
 f - 47 stones
 o - 5 boomerangs
Armour
 a - a +1 robe
 i - a +0 cloak (worn)
   (You found it on level 2 of the Dungeon)
 t - a +0 robe of willpower
   (You took it off Pikel on level 4 of the Dungeon)
 v - the +0 leather armour of Cuxe Rikh (worn) {Will+ Str+4}
   (You found it on level 5 of the Dungeon)

   Str:       It affects your strength (+4).
   Will:      It increases your willpower.
 y - a +0 helmet (worn)
   (You found it on level 7 of the Dungeon)
Jewellery
 c - a ring of ice
   (You found it on level 4 of the Dungeon)
 m - a ring of willpower (right hand)
   (You found it on level 3 of the Dungeon)
 q - an amulet of magic regeneration (around neck)
   (You found it on level 4 of the Dungeon)
 C - a ring of protection from cold
   (You found it on level 1 of the Dungeon)
 F - a ring of protection from fire (left hand)
   (You found it on level 1 of the Dungeon)
 Z - a ring of wizardry
   (You found it on level 4 of the Dungeon)
Wands
 s - a wand of polymorph (7)
   (You took it off Pikel on level 4 of the Dungeon)
Scrolls
 h - 2 scrolls of identify {@r1}
 k - a scroll of amnesia
Potions
 b - 2 potions of magic
 e - 5 potions of curing {@q1}
 l - a potion of attraction {!q}
 p - 2 potions of degeneration {!q}
 u - a potion of might
 w - a potion of flight
 x - a potion of mutation {!q}

Dungeon Overview and Level Annotations

Branches:
Dungeon (8/15) Zot: 26929  Temple (1/1) D:4 Zot: 5896
   Lair: D:8-11

Altars:
Ashenzari
Cheibriados
Dithmenos
Elyvilon
Fedhas
Gozag
Hepliaklqana
Kikubaaqudgha
Makhleb
Nemelex Xobeh
Okawaru
Qazlal
Ru
Sif Muna
Trog
Uskayaw
Vehumet
Wu Jian
Xom
Yredelemnul
Zin
The Shining One

Shops:
D:4 [

Annotations:
D:8 Joseph

.. ## #.# @
##.##.##############..
#......#..............
#......#...@.....<....
#......#..............
#......#..............
#......#..............
###..@##.####...###...
.###..@##.# ##### ...
........)..# ...
........)..# ...
.......?...+
...........#
...........#
...........#
...####....#


You could see Joseph (unable to see you, combustible).


Message History

Press: ? - help, Dir - look around, f - activate A wave of flame ripples out!
The flame wave engulfs the two-headed ogre!! (Press . to intensify the flame waves.)
The two-headed ogre hits you with a +0 giant spiked club!!
* * * LOW HITPOINT WARNING * * *
The two-headed ogre closely misses you. 😱 HP[-18] MP[-3]
You take 18 damage, and now have 14/62 hp.
MASSIVE DAMAGE!! (PAUSE)
You lost 3 mp, and now have 9/15 mp.
A wave of flame ripples out!
The flame wave engulfs the two-headed ogre!
You hear a shout! x2 😱 HP[+1] MP[-1]
You lost 1 mp, and now have 8/15 mp.
A wave of flame ripples out!
The flame wave engulfs the two-headed ogre!
You kill the two-headed ogre!
Vehumet accepts your kill.
You feel your power returning.
You finish channelling waves of flame.
Your Fire Magic skill increases to level 10!
You have reached level 10!
You feel stronger. 😱 HP[+2] MP[+3]
You now have 69 max hp (+7).
You regained 2 hp, and now have 17/69 hp.
You regained 3 mp, and now have 11/17 mp.
Unknown command. 😱 MP[+1]
Your magical contamination has completely faded away. 😨 HP[+2] MP[+2]
You regained 2 hp, and now have 19/69 hp.
You regained 2 mp, and now have 14/17 mp.
Unknown command.
Joseph is nearby!
Joseph is nearby! 😨 HP[+6] MP[+3]
You regained 6 hp, and now have 25/69 hp.
Your mp is fully restored (17).
Joseph is nearby!
Joseph zaps a wand.
You resist with almost no effort. 😨 HP[+1] Unknown command.
Things that are here:
a +0 giant spiked club; a +0 giant spiked club Unknown command.
Okay, then.
Okay, then. 😨 HP[+1]
You feel much better. 😕 HP[+30]
You regained 30 hp, and now have 57/69 hp.
You fade into invisibility! 😕 HP[+1]
Casting: Flame Wave (dangerous; 3% risk of failure)
Confirm with . or Enter, or press ? or * to list all spells.
Flames lash Joseph.
Joseph's fire resistance burns away.
Joseph hits you with a +1 spectral quarterstaff! 😮 HP[-14] MP[-1]
You take 14 damage, and now have 44/69 hp.
MASSIVE DAMAGE!! (PAUSE)
You lost 1 mp, and now have 16/17 mp.
Casting: Scorch (safe; 1% risk of failure)
Confirm with . or Enter, or press ? or * to list all spells.
You conjure some foxfire!
Joseph hits you with a +1 spectral quarterstaff!
The foxfire hits Joseph but does no damage. x2
Joseph hits you with a +1 spectral quarterstaff.
* * * LOW HITPOINT WARNING * * *
😨 HP[-11]
You take 11 damage, and now have 33/69 hp.
Casting: Foxfire (safe; 1% risk of failure)
Confirm with . or Enter, or press ? or * to list all spells.
Flames lash Joseph.
Joseph is burned terribly!
Joseph hits you with a +1 spectral quarterstaff!
* * * LOW HITPOINT WARNING * * *
Joseph hits you with a +1 spectral quarterstaff!
* * * LOW HITPOINT WARNING * * *
😱 HP[-23] MP[-1]
You take 23 damage, and now have 10/69 hp.
MASSIVE DAMAGE!! (PAUSE)
You lost 1 mp, and now have 15/17 mp.
Casting: Scorch (safe; 1% risk of failure)
Confirm with . or Enter, or press ? or * to list all spells.
Flames lash Joseph.
Joseph is burned terribly!
Joseph hits you with a +1 spectral quarterstaff!
* * * LOW HITPOINT WARNING * * *
Joseph barely misses you. 😱 HP[-9] MP[-1]
You take 9 damage, and now have 1/69 hp.
You lost 1 mp, and now have 14/17 mp.
Unknown command.
Okay, then.
Casting: Scorch (safe; 1% risk of failure)
Confirm with . or Enter, or press ? or * to list all spells.
Flames lash Joseph.
Joseph is burned terribly!
Joseph misses you.
Joseph hits you with a +1 spectral quarterstaff!!
You die...

Skill      XL: |  1  2  3  4  5  6  7  8  9 |
---------------+----------------------------+-----
Conjurations   | 2 3 5 7 8 |  8.7
Fire Magic     | 4 5 6 7 8 10 | 10.1
Spellcasting   | 2 3 4 |  4.8
Dodging        | |  1.5
Stealth        | |  1.5

Action                     |  1- 3 |  4- 6 |  7- 9 | 10-12 || total
---------------------------+-------+-------+-------+-------++-------
  Melee: Short sword       |    28 |       |       |       ||    28
         Punch             |     1 |       |       |       ||     1
         Dagger            |       |     1 |     4 |       ||     5
         Hand axe          |       |       |     1 |       ||     1
   Cast: Foxfire           |    63 |    50 |   100 |     1 ||   214
         Scorch            |     5 |     9 |    71 |     4 ||    89
         Inner Flame       |       |     3 |     1 |       ||     4
         Flame Wave        |       |       |     4 |       ||     4
         Kindle Blastspark |       |       |     2 |       ||     2
    Use: Scroll            |     4 |     2 |     8 |       ||    14
         Potion            |       |       |     1 |     2 ||     3
 Armour: Robe              |    11 |     5 |    19 |       ||    35
  Dodge: Dodged            |    27 |    12 |    51 |     2 ||    92

Levels and vault maps discovered:
D:1:      dpeg_cavernosity, layout_basic, minmay_statues_item
D:2:      layout_basic, hellmonk_ecumenical_altar_leap_of_faith
D:3:      layout_basic, minmay_misc_feat_tiny, nicolae_titane
D:4:      layout_basic, minmay_temple_entry_offerings, serial_shops,
          kennysheep_mini_moat, grunt_decor_arrowhead, uniq_pikel
D:5:      layout_rooms
D:6:      layout_loops_cross, uniq_sigmund
D:7:      layout_basic, nicolae_ashenzari_skybound
D:8:      gammafunk_steamed_eel, layout_gridville, uniq_joseph
Temple:   grunt_wide_crystal_templ

Notes
Turn   | Place    | Note
-------+----------+-------------------------------------------
     0 | D:1      | kae the Hill Orc Fire Elementalist began the quest for the
                  | Orb.
     0 | D:1      | Reached XP level 1. HP: 14/14 MP: 3/3
     0 | D:1      | magus.rc [v1.11.3]
   208 | D:1      | Reached XP level 2. HP: 20/20 MP: 2/4
   293 | D:1      | You add the spells Sting, Poisonous Vapours and Olgreb's
                  | Toxic Radiance to your library.
   564 | D:1      | Learned a level 2 spell: Scorch
   806 | D:1      | Reached XP level 3. HP: 25/26 MP: 1/5
  1054 | D:2      | Reached skill level 2 in Conjurations
  1265 | D:2      | Reached skill level 4 in Fire Magic
  1856 | D:2      | Found a faded altar of an unknown god.
  2142 | D:3      | Reached skill level 2 in Spellcasting
  2142 | D:3      | Reached XP level 4. HP: 33/33 MP: 2/7
  2151 | D:3      | Learned a level 3 spell: Inner Flame
  2746 | D:3      | Reached XP level 5. HP: 38/38 MP: 3/8
  2826 | D:3      | Reached skill level 3 in Conjurations
  2951 | D:3      | Reached skill level 5 in Fire Magic
  3249 | D:4      | Noticed Pikel
  3252 | D:4      | Noticed a lemure
  3253 | D:4      | Noticed a lemure
  3331 | D:4      | Noticed a lemure
  3633 | D:4      | Found a staircase to the Ecumenical Temple.
  3642 | D:4      | You add the spells Ozocubu's Armour and Ozocubu's
                  | Refrigeration to your library.
  3648 | Temple   | Entered the Ecumenical Temple
  3742 | Temple   | Became a worshipper of Vehumet
  3826 | D:4      | Reached XP level 6. HP: 45/45 MP: 6/9
  3974 | D:4      | Killed Pikel
  3975 | D:4      | Reached skill level 3 in Spellcasting
  3975 | D:4      | Reached skill level 5 in Conjurations
  3975 | D:4      | Reached skill level 6 in Fire Magic
  3975 | D:4      | Reached XP level 7. HP: 46/50 MP: 0/11
  4311 | D:4      | Learned a level 4 spell: Flame Wave
  4341 | D:4      | Found Wocweoq's Armour Shop.
  4578 | D:4      | Reached skill level 7 in Fire Magic
  4578 | D:4      | Reached XP level 8. HP: 54/57 MP: 6/12
  4858 | D:5      | Entered Level 5 of the Dungeon
  4966 | D:5      | Identified the +0 leather armour of Cuxe Rikh {Will+ Str+4}
  5055 | D:5      | Reached * piety under Vehumet
  5055 | D:5      | Offered knowledge of Sandblast by Vehumet.
  5068 | D:5      | Reached skill level 6 in Conjurations
  5688 | D:5      | Reached skill level 8 in Fire Magic
  5973 | D:5      | Learned a level 3 spell: Kindle Blastsparks
  6218 | D:6      | Offered knowledge of Kiss of Death by Vehumet.
  6219 | D:6      | Reached skill level 4 in Spellcasting
  6221 | D:6      | Reached ** piety under Vehumet
  6375 | D:6      | Noticed Sigmund
  6379 | D:6      | Killed Sigmund
  6380 | D:6      | Reached skill level 7 in Conjurations
  6380 | D:6      | Reached XP level 9. HP: 62/62 MP: 11/15
  6690 | D:7      | Identified the +6 hand axe "Gownysal" {holy, rF+}
  6696 | D:7      | Found a broken altar of Ashenzari.
  6725 | D:7      | HP: 12/61 [white imp/puff of frost (7)]
  6739 | D:7      | HP: 8/61 [bullfrog (8)]
  6739 | D:7      | HP: 2/61 [bullfrog (6)]
  7058 | D:7      | Reached skill level 9 in Fire Magic
  7169 | D:7      | Reached skill level 8 in Conjurations
  7450 | D:7      | You pick up a book of Party Tricks and begin reading...
  7450 | D:7      | You add the spells Apportation and Alistair's Intoxication
                  | to your library.
  7852 | D:8      | Noticed Joseph
  7868 | D:8      | Noticed a two-headed ogre
  7874 | D:8      | HP: 14/62 [two-headed ogre/+0 giant spiked club (18)]
  7876 | D:8      | Killed a two-headed ogre
  7877 | D:8      | Reached skill level 10 in Fire Magic
  7877 | D:8      | Reached XP level 10. HP: 17/69 MP: 11/17
  7918 | D:8      | HP: 10/69 [Joseph/+1 spectral quarterstaff (11)]
  7919 | D:8      | HP: 1/69 [Joseph/+1 spectral quarterstaff (9)]
  7922 | D:8      | Demolished by Joseph

Vanquished Creatures
  A two-headed ogre (D:8)
  Pikel (D:4)
  Sigmund (D:6)
  A steam dragon (D:7)
  An orc warrior (D:4)
  An ogre (D:6)
  4 phantoms
  2 bullfrogs (D:7)
  A necrophage (D:6)
  2 scorpions (D:4)
  3 wights (D:7)
  6 killer bees (D:7)
  A howler monkey (D:6)
  6 orc priests
  A gnoll bouda (D:7)
  3 hounds
  5 iguanas
  2 orc wizards
  9 gnolls
  5 adders
  A shadow imp (D:4)
  3 white imps
  A worm (D:2)
  3 dart slugs
  26 orcs
  8 ball pythons
  2 bats
  6 endoplasms
  4 giant cockroaches
  7 goblins
  6 hobgoblins
  2 jackals (D:1)
  10 kobolds
  3 quokkas
  3 frilled lizards (D:1)
  5 rats
146 creatures vanquished.

Vanquished Creatures (others)
  368 foxfires
368 creatures vanquished.

Grand Total: 514 creatures vanquished

Table legend:
 A = Non-vault XP
 B = Vault XP
 C = Vault XP percentage of total XP
 D = Non-vault monster count
 E = Vault monster count
 F = Vault count percentage of total count
                 A         B        C        D         E       F
            +---------+---------+-------+---------+---------+-------
      Total |    3794 |     871 |  18.7 |     140 |       6 |   4.1
            +---------+---------+-------+---------+---------+-------
        D:1 |      29 |       7 |  19.4 |      18 |       4 |  18.2
        D:2 |      30 |       0 |   0.0 |      15 |       0 |   0.0
        D:3 |     184 |       0 |   0.0 |      17 |       0 |   0.0
        D:4 |     619 |     641 |  50.9 |      25 |       1 |   3.8
        D:5 |     532 |       0 |   0.0 |      31 |       0 |   0.0
        D:6 |     371 |     223 |  37.5 |       8 |       1 |  11.1
        D:7 |    1213 |       0 |   0.0 |      24 |       0 |   0.0
        D:8 |     816 |       0 |   0.0 |       2 |       0 |   0.0
            +---------+---------+-------+---------+---------+-------

Illustrated notes

Table legend:
 A = Kills in this place as a percentage of kills in entire the game.
 B = Kills by you in this place as a percentage of kills by you in the entire game.
 C = Kills by friends in this place as a percentage of kills by friends in the entire game.
 D = Other kills in this place as a percentage of other kills in the entire game.
 E = Experience gained in this place as a percentage of experience gained in the entire game.
 F = Experience gained in this place divided by the number of levels of this place that you have seen.
                   A       B       C       D       E      F
               +-------+-------+-------+-------+-------+----------------------
         Total | 100.0 | 100.0 |   N/A |   N/A | 100.0 | 518.3
       Dungeon | 100.0 | 100.0 |   N/A |   N/A | 100.0 | 583.1
               +-------+-------+-------+-------+-------+----------------------

Table legend: (Time is in decaauts)
 A = Elapsed time spent in this place.
 B = Non-inter-level travel time spent in this place.
 C = Inter-level travel time spent in this place.
 D = Time resting spent in this place.
 E = Time spent auto-exploring this place.
 F = Levels seen in this place.
 G = Mean time per level.
                   A        B        C        D        E       F      G
               +--------+--------+--------+--------+--------+-----+--------+
         Total |   7914 |   7549 |    365 |    282 |   6054 |   9 |  879.3 |
       Dungeon |   7810 |   7476 |    334 |    282 |   5997 |   8 |  976.2 |
        Temple |    103 |     72 |     31 |      0 |     57 |   1 |  103.0 |
               +--------+--------+--------+--------+--------+-----+--------+

Top non-repeatable levels by time:
     D:4: 1733 daAuts
     D:7: 1205 daAuts
     D:3: 1113 daAuts
     D:1: 1082 daAuts
     D:2: 997 daAuts
     D:5: 944 daAuts
     D:6: 663 daAuts
  Temple: 103 daAuts
     D:8: 69 daAuts
